 Dungeon Crawl Stone Soup version 0.29-a0-275-g389c0b56f3 (webtiles) character file.

Game seed: 3380192439902090743

60 jlumianski the Chopper (level 3, -13/27 HPs)
             Began as a Demonspawn Gladiator on Mar 9, 2022.
             Blown up by Ijyb (20 damage)
             ... with a mindburst bolt
             ... on level 3 of the Dungeon.
             The game lasted 00:06:00 (2159 turns).

jlumianski the Chopper (Demonspawn Gladiator)       Turns: 2159, Time: 00:06:00

Health: -13/27     AC: 10    Str: 16    XL:     3   Next: 80%
Magic:  3/3        EV: 12    Int:  9    God:
Gold:   56         SH:  0    Dex: 14    Spells: 2/2 levels left

rFire   . . .      SeeInvis .   a - +0 war axe
rCold   . . .      Faith    .   (no shield)
rNeg    . . .      Spirit   .   b - +0 leather armour
rPois   .          Reflect  .   c - +0 helmet
rElec   .          Harm     .   (no cloak)
rCorr   .          Rampage  .   (no gloves)
Will    .....                   (no boots)
Stlth   +.........              (no amulet)
HPRegen 0.09/turn               (no ring)
MPRegen 0.08/turn               (no ring)

@: sanguine armoured
A: sanguine armour 1, demonic magic 1
a: no special abilities


You were on level 3 of the Dungeon.
You visited 1 branch of the dungeon, and saw 3 of its levels.

You collected 56 gold pieces.

Inventory:

Hand Weapons
 a - a +0 war axe (weapon)
Missiles
 d - 3 throwing nets
 e - a javelin
 h - 56 stones (quivered)
Armour
 b - a +0 leather armour (worn)
 c - a +0 helmet (worn)
Jewellery
 j - a ring of protection from fire
 n - an amulet of faith
Scrolls
 g - 2 scrolls of teleportation {unknown}
 i - a scroll of blinking {unknown}
 k - a scroll of fog {unknown}
 p - a scroll of torment {unknown}
 q - a scroll of brand weapon {unknown}
Potions
 f - 2 potions of degeneration {unknown}
 l - 2 potions of haste {unknown}
 m - a potion of heal wounds {unknown}
 o - a potion of magic {unknown}


   Skills:
 + Level 2.3 Fighting
 + Level 3.4 Axes
 + Level 1.8 Throwing
 + Level 0.8 Armour
 + Level 3.2 Dodging
 + Level 0.1 Stealth


You had 2 spell levels left.
You didn't know any spells.
Your spell library was empty.

Dungeon Overview and Level Annotations

Branches:
Dungeon (3/15)

Altars:

Annotations:
D:3 Ijyb


Innate Abilities, Weirdness & Mutations

When seriously injured, your blood forms armour. (AC +6)
Spells you cast may paralyse adjacent enemies.


Message History

a +0 short sword; a kobold corpse You hit the orc.
The orc is heavily wounded.
The orc hits you with a +0 trident. The orc hits you with a +0 trident!
Your blood congeals into armour.
You barely miss the orc. Your punch misses the orc.
The orc is heavily wounded.
The orc barely misses you.
You closely miss the orc.
The orc is heavily wounded.
The orc hits you but does no damage.
You hit the orc.
You kill the orc!
The ball python barely misses you. The ball python completely misses you.
You closely miss the ball python. The ball python barely misses you.
The ball python closely misses you.
You slash the ball python!
You kill the ball python!
You closely miss Ijyb. Ijyb hits you with a +0 dagger.
Ijyb zaps a wand.
You barely resist. You hit Ijyb but do no damage. Ijyb misses you.
You hit Ijyb but do no damage. Ijyb closely misses you.
You closely miss Ijyb. Ijyb hits you but does no damage. x2
You hit Ijyb but do no damage. Ijyb hits you but does no damage.
You hit Ijyb but do no damage. Ijyb closely misses you.
You barely miss Ijyb.
Ijyb zaps a wand.
Your mind is blasted!
Ijyb hits you but does no damage.
You hit Ijyb but do no damage. Ijyb hits you with a +0 dagger.
You hit Ijyb but do no damage. Ijyb closely misses you.
You closely miss Ijyb.
Ijyb zaps a wand.
You barely resist. Ijyb barely misses you.
You hit Ijyb.
Ijyb is lightly wounded.
Ijyb zaps a wand.
Your mind is blasted!
* * * LOW HITPOINT WARNING * * *
You closely miss Ijyb.
Ijyb is lightly wounded.
Ijyb zaps a wand.
Your mind is blasted!
Ouch! That really hurt!
You die...

. #.### .#..#
#.#.# . #.#.#####
.P. #.#.....
♣.P..#....########
#.#
......†....g@....#
#.#
P...##....######.#
#.# P
#...#######.# #.#
#............# #.#
#.#.########.# #.#
#.#.# #.# #.#
#.#.# ##.## #†#
#.#.# ##.#.####.##
#.###......#


You could see Ijyb.

Vanquished Creatures
  2 adders (D:2)
  A worm (D:2)
  2 dart slugs
  An orc (D:3)
  4 bats
  3 endoplasms (D:2)
  2 giant cockroaches
  A goblin (D:2)
  3 hobgoblins (D:2)
  4 ball pythons
  3 frilled lizards
  6 kobolds
  3 rats (D:2)
35 creatures vanquished.

Notes
Turn   | Place    | Note
-------+----------+-------------------------------------------
     0 | D:1      | jlumianski the Demonspawn Gladiator began the quest for the
                  | Orb.
     0 | D:1      | Reached XP level 1. HP: 16/16 MP: 1/1
   880 | D:2      | Gained mutation: Spells you cast may paralyse adjacent
                  | enemies. [demonic ancestry]
   880 | D:2      | Reached XP level 2. HP: 22/22 MP: 2/2
  1654 | D:2      | Gained mutation: When seriously injured, your blood forms
                  | armour. (AC +6) [demonic ancestry]
  1654 | D:2      | Reached XP level 3. HP: 27/27 MP: 3/3
  2132 | D:3      | Noticed Ijyb
  2159 | D:3      | Blown up by Ijyb

Illustrated notes

Levels and vault maps discovered:
D:1:      psy_arrival_whirlpool, layout_loops_corners, nrook_loot_triangle
D:2:      layout_loops_ring
D:3:      layout_loops_ring, mainiacjoe_overflow_brackets,
          nicolae_ru_path_of_blood, dreamdust_ecumenical_altar_grove,
          gammafunk_ghost_icy, uniq_ijyb

Skill      XL: |  1  2 |
---------------+-------+-----
Axes           | 3 |  3.4
Dodging        | 3 |  3.2
Fighting       | |  2.3
Throwing       | |  1.8
Armour         | |  0.8
Stealth        | |  0.1

Action                   || total
-------------------------++-------
Melee: War axe           ||   132
       Punch             ||     1
 Stab: Sleeping          ||     1
Armor: Leather armour    ||    53
Dodge: Dodged            ||    99

Table legend: (Time is in decaauts)
 A = Elapsed time spent in this place.
 B = Non-inter-level travel time spent in this place.
 C = Inter-level travel time spent in this place.
 D = Time resting spent in this place.
 E = Time spent auto-exploring this place.
 F = Levels seen in this place.
 G = Mean time per level.
                   A        B        C        D        E       F      G
               +--------+--------+--------+--------+--------+-----+--------+
         Total |   2205 |   2183 |     22 |      0 |   1638 |   3 |  735.0 |
       Dungeon |   2205 |   2183 |     22 |      0 |   1638 |   3 |  735.0 |
               +--------+--------+--------+--------+--------+-----+--------+

Top non-repeatable levels by time:
     D:2: 1280 daAuts
     D:1: 855 daAuts
     D:3: 69 daAuts
